 Dungeon Crawl Stone Soup version 0.20-a0-1122-gb7cbeb9 (webtiles) character file.

49 M4edhros the Grave Robber (level 3, -1/21 HPs)
             Began as an Octopode Necromancer on May 11, 2017.
             Slain by a quokka (5 damage)
             ... on level 3 of the Dungeon.
             The game lasted 00:03:13 (698 turns).

M4edhros the Grave Robber (Octopode Necromancer)     Turns: 698, Time: 00:03:14

Health: -1/21      AC:  1    Str:  7    XL:     3   Next: 75%
Magic:  6/6        EV: 13    Int: 15    God:
Gold:   20         SH:  0    Dex: 13    Spells: 1/6 levels left

rFire    . . .     SeeInvis .     - Unarmed
rCold    . . .     Gourm    .   (no shield)
rNeg     . . .     Faith    .   (helmet restricted)
rPois    .         Spirit   .   (no amulet)
rElec    .         Reflect  .   c - -2 ring of intelligence (curse)
rCorr    .         Harm     .   (no ring)
MR       .....                  (no ring)
Stlth    +++.......             (no ring)
Regen    0.1/turn               (no ring)
MPRegen  0.1/turn               (no ring)
                                (no ring)
                                (no ring)

@: no status effects
A: almost no armour, stealthy swim, amphibious, 8 rings, constrict 8, camouflage
1, gelatinous body 1
a: no special abilities


You were on level 3 of the Dungeon.
You were not hungry.

You visited 1 branch of the dungeon, and saw 5 of its levels.

You collected 20 gold pieces.

Inventory:

Missiles
 d - 4 curare-tipped needles
 e - 11 poisoned needles
Jewellery
 c - a cursed -2 ring of intelligence (left tentacle)
Scrolls
 f - a scroll of enchant weapon {unknown}
Potions
 h - a potion of flight {unknown}
Books
 a - a book of Necromancy

   Spells                             Type                      Level
   a - Pain                           Necromancy                   1
   b - Animate Skeleton               Necromancy                   1
   c - Vampiric Draining              Necromancy                   3
   d - Regeneration                   Charms/Necromancy            3
   e - Animate Dead                   Necromancy                   4
   f - Control Undead                 Necromancy                   4
 i - a book of Misfortune

   Spells                             Type                      Level
   a - Confusing Touch                Hexes                        1
   b - Confuse                        Hexes                        3
   c - Gell's Gravitas                Translocation                3
   d - Petrify                        Transmutation/Earth          4
   e - Metabolic Englaciation         Hexes/Ice                    5
   f - Yara's Violent Unravelling     Hexes/Transmutation          5
Comestibles
 b - a bread ration
 g - a chunk of flesh


   Skills:
 - Level 2.0 Dodging
 - Level 2.6 Stealth
 + Level 3.2 Unarmed Combat
 - Level 2.0 Spellcasting
 - Level 4.0 Necromancy


You had one spell level left.
You knew the following spells:

 Your Spells              Type           Power        Failure   Level  Hunger
a - Pain                  Necr           ##..         4%          1    #......
b - Regeneration          Chrm/Necr      #.........   28%         3    ###....
c - Animate Skeleton      Necr           N/A          4%          1    #......


Dungeon Overview and Level Annotations

Branches:
Dungeon (5/15)
 Temple: D:4-7

Altars:
Makhleb

Annotations:
D:5 Pikel


Innate Abilities, Weirdness & Mutations

You cannot wear most types of armour.
You are very stealthy in the water. (Stealth+)
You are amphibious.
You can wear up to eight rings at the same time.
You can use your tentacles to constrict eight enemies at once.
Your skin changes colour to match your surroundings (Stealth+).
Your rubbery body absorbs attacks. (AC +1, EV +1)


Message History

You barely miss the giant cockroach. You grab the giant cockroach.
You constrict the giant cockroach, but do no damage.
The giant cockroach bites you. The giant cockroach barely misses you.
You tentacle-slap the giant cockroach but do no damage.
You constrict the giant cockroach, but do no damage.
The giant cockroach bites you.
You tentacle-slap the giant cockroach.
The giant cockroach is heavily wounded.
You constrict the giant cockroach. The quokka barely misses you.
The giant cockroach misses you.
You tentacle-slap the giant cockroach.
You kill the giant cockroach!
The quokka completely misses you.
You closely miss the quokka. You grab the quokka.
You constrict the quokka, but do no damage.
The quokka bites you.
* * * LOW HITPOINT WARNING * * *
You tentacle-slap the quokka but do no damage.
You constrict the quokka. The quokka bites you.
You die...

#.# ########.#
#........#
#.#####^.#
#........######
..............#
#.#####..####...
#.#####...##
#......@...#
#..(.$^Zr.##
########.## #.#
.# +#


You could see a quokka and a friendly hobgoblin skeleton.

Vanquished Creatures
  A worker ant (D:4)
  2 leopard geckos
  2 orcs (D:5)
  3 giant cockroaches
  2 goblins
  5 hobgoblins
  A kobold (D:1)
  A bat (D:1)
  A frilled lizard (D:4)
18 creatures vanquished.

Notes
Turn   | Place    | Note
-------+----------+-------------------------------------------
     0 | D:1      | M4edhros the Octopode Necromancer began the quest for the Orb.
     0 | D:1      | Reached XP level 1. HP: 11/11 MP: 3/3
    17 | D:1      | Reached skill level 1 in Unarmed Combat
    71 | D:2      | Reached XP level 2. HP: 10/17 MP: 0/5
   348 | D:5      | Entered Level 5 of the Dungeon
   377 | D:5      | Noticed a slave
   377 | D:5      | Noticed a slave
   421 | D:5      | Noticed Pikel
   421 | D:5      | Noticed a slave
   422 | D:5      | Noticed a slave
   506 | D:4      | Reached XP level 3. HP: 2/21 MP: 1/6
   511 | D:4      | Learned a level 3 spell: Regeneration
   592 | D:4      | Found a burning altar of Makhleb.
   605 | D:4      | Noticed an ogre
   639 | D:3      | Learned a level 1 spell: Animate Skeleton
   698 | D:3      | Slain by a quokka

Vault maps used:
D:1:      ncdulo_watergridlock
D:4:      minmay_temple_entry_nine_rooms, first_bread, bloody_makhleb
D:5:      led_sif_pool, xom_redecorated, uniq_pikel

Skill      XL: |  1  2 |
---------------+-------+-----
Unarmed Combat | 1 3 |  3.2
Dodging        | |  2.0
Stealth        | |  2.6
Spellcasting   | |  2.0
Necromancy     | |  4.0

Action                   || total
-------------------------++-------
Melee: Unarmed           ||    20
       Constrict         ||     6
       Tentacles         ||     3
 Cast: Pain              ||    21
       Animate Skeleton  ||     1
       Regeneration      ||     1
  Use: Scroll            ||     3
       Potion            ||     1
Armor: Skin              ||     1
Dodge: Dodged            ||    14
